 Dungeon Crawl Stone Soup version 0.29.1-2-gbd0b4ee654 (webtiles) character file.

Game seed: 4517480333183429135

43 zeram the Grave Robber (level 3, 0/25 HPs)
             Began as a Gnoll Necromancer on Nov 6, 2022.
             Slain by a goblin
             ... wielding a +0 dagger
             ... led by Robin
              (1 damage)
             ... on level 2 of the Dungeon.
             The game lasted 00:04:18 (1625 turns).

zeram the Grave Robber (Gnoll Necromancer)          Turns: 1625, Time: 00:04:18

Health: 0/25       AC:  2    Str:  7    XL:     3   Next: 58%
Magic:  1/9        EV: 13    Int: 16    God:
Gold:   116        SH:  0    Dex: 12    Spells: 8/12 levels left

rFire   . . .      SeeInvis .   c - +0 dagger
rCold   . . .      Faith    .   (no shield)
rNeg    . . .      Spirit   .   a - +0 robe
rPois   .          Reflect  .   (no helmet)
rElec   .          Harm     .   (no cloak)
rCorr   .          Rampage  .   (no gloves)
Will    .....                   (no boots)
Stlth   ++........              (no amulet)
HPRegen 0.08/turn               (no ring)
MPRegen 0.11/turn               (no ring)

@: no status effects
A: fangs 1, strong nose, distributed training
a: no special abilities


You were on level 2 of the Dungeon.
You visited 1 branch of the dungeon, and saw 2 of its levels.

You collected 116 gold pieces.

Inventory:

Hand Weapons
 c - a +0 dagger (weapon)
Armour
 a - a +0 robe (worn)
Scrolls
 d - a scroll of amnesia {unknown}
 e - 2 scrolls of identify {unknown}
 g - a scroll of noise {unknown}
Potions
 b - a potion of magic
 f - a potion of flight {unknown}
 h - a potion of resistance {unknown}
 i - a potion of invisibility {unknown}
 j - a potion of mutation {unknown}


   Skills:
 + Level 0.9 Fighting
 + Level 0.9 Short Blades
 + Level 0.9 Long Blades
 + Level 0.9 Axes
 + Level 0.9 Maces & Flails
 + Level 0.9 Polearms
 + Level 0.9 Staves
 + Level 0.9 Ranged Weapons
 + Level 0.9 Throwing
 + Level 0.9 Armour
 + Level 4.5 Dodging
 + Level 4.2 Stealth
 + Level 0.9 Shields
 + Level 0.9 Unarmed Combat
 + Level 5.0 Spellcasting
 + Level 0.6 Conjurations
 + Level 0.6 Hexes
 + Level 0.6 Summonings
 + Level 7.1 Necromancy
 + Level 0.6 Translocations
 + Level 0.6 Transmutations
 + Level 0.6 Fire Magic
 + Level 0.6 Ice Magic
 + Level 0.6 Air Magic
 + Level 0.6 Earth Magic
 + Level 0.6 Poison Magic
 + Level 1.0 Invocations
 + Level 0.9 Evocations


You had 8 spell levels left.
You knew the following spells:

 Your Spells              Type           Power      Damage    Failure   Level
a - Necrotise             Necr           100%       1d9       1%          1
b - Vampiric Draining     Necr           26%        2d7       2%          3

Your spell library contained the following spells:

 Spells                   Type           Power      Damage    Failure   Level
 Animate Dead             Necr           26%        N/A       9%          4
 Agony                    Necr           26%        N/A       22%         5
 Ozocubu's Armour         Ice            6%         N/A       34%         3
 Metabolic Englaciation   Hex/Ice        3%         N/A       97%         5
 Simulacrum               Ice/Necr       8%         N/A       99%         6


Dungeon Overview and Level Annotations

Branches:
Dungeon (2/15)

Altars:

Shops:
D:2 [

Annotations:
D:2 Natasha, Robin


Innate Abilities, Weirdness & Mutations

You have very sharp teeth.
Your uncanny sense of smell can sniff out nearby items.
Your experience applies equally to all skills.


Message History

Robin closely misses you.
Natasha, Servant of Life and Death comes into view.
You see here a frilled lizard corpse.
What are your orders? t - Bark!
Orders for allies: a - Attack new target. r - Retreat! s - Stop attacking. g - Guard the area. f - Follow me.
Anything else - Cancel.
Gang up on whom?
Press: ? - help, Dir - move target, f - goblin
Aim: a goblin, wielding a +0 dagger (strong) Attack!
Your goblin skeleton hits the goblin.
The goblin hits your goblin skeleton with a +0 club.
The goblin hits your goblin skeleton with a +0 dagger.
Robin hits you but does no damage.
The goblin hits your goblin skeleton with a +0 dagger.
Your goblin skeleton is destroyed!
Robin throws the goblin at you! The goblin hits you but does no damage.
Casting: Necrotise (safe; 1% risk of failure)
Confirm with . or Enter, or press ? or * to list all spells.
Okay, then.
You hit the goblin.
The goblin is moderately wounded.
The goblin hits you with a +0 club.
You hit the goblin.
The goblin is severely wounded.
The goblin closely misses you. The goblin hits you with a +0 club.
* * * LOW HITPOINT WARNING * * *
Robin hits you from afar with a +0 trident.
* * * LOW HITPOINT WARNING * * *
Natasha casts a spell.
Casting: Necrotise (safe; 1% risk of failure)
Confirm with . or Enter, or press ? or * to list all spells.
You don't have enough magic to cast this spell.
Unknown command.
You closely miss the goblin.
The goblin is severely wounded.
The goblin hits you with a +0 dagger.
You die... ..######.# #.# #..#. #.# #.# ....# #.# ##.## g.g. #.# #...# ))Z

#.###...### #.)
#.#.......# ∆ #h.
#.#.......#
#.###.g#####.#...(..(#
#.?..5gg@g...###.)..##
#.###.)####### #†...#
#.... ####.# #.##. #.#
# ## #.# #.# #.# ∆
#.## #..#


You could see an iron imp (summoned), Robin, Natasha, a hobgoblin (strong) and 2
goblins.

Vanquished Creatures
  2 dart slugs (D:1)
  2 endoplasms (D:1)
  A giant cockroach (D:1)
  11 goblins
  2 hobgoblins (D:2)
  3 quokkas
  3 ball pythons (D:1)
  5 bats
  2 frilled lizards (D:2)
  2 kobolds (D:1)
  A rat (D:1)
34 creatures vanquished.

Vanquished Creatures (collateral kills)
  A frilled lizard (D:1)
1 creature vanquished.

Grand Total: 35 creatures vanquished

Notes
Turn   | Place    | Note
-------+----------+-------------------------------------------
     0 | D:1      | zeram the Gnoll Necromancer began the quest for the Orb.
     0 | D:1      | Reached XP level 1. HP: 13/13 MP: 6/6
   183 | D:1      | Reached XP level 2. HP: 19/19 MP: 7/7
   943 | D:1      | Reached skill level 5 in Spellcasting
   943 | D:1      | Reached XP level 3. HP: 8/25 MP: 5/9
  1151 | D:1      | Learned a level 3 spell: Vampiric Draining
  1314 | D:2      | Found Umnijar's Armour Shop.
  1601 | D:2      | Noticed Robin
  1605 | D:2      | Reached skill level 1 in Invocations
  1620 | D:2      | Noticed Natasha
  1624 | D:2      | HP: 1/25 [Robin/+0 trident (5)]
  1625 | D:2      | Slain by a goblin

Illustrated notes

Levels and vault maps discovered:
D:1:      amcnicky_arrival_underground_garden, layout_rooms, hex_large,
          minmay_split_cup_small
D:2:      layout_loops_ring, serial_shops, nicolae_shop_hallway_stairs,
          shapermc_ecumenical_altar_mp_highgroup, corexii_shack, uniq_natasha,
          uniq_terence, uniq_robin

Skill      XL: |  1  2  3 |
---------------+----------+-----
Spellcasting   | 5 |  5.0
Invocations    | 1 |  1.0
Fighting       | |  0.9
Short Blades   | |  0.9
Long Blades    | |  0.9
Axes           | |  0.9
Maces & Flails | |  0.9
Polearms       | |  0.9
Staves         | |  0.9
Ranged Weapons | |  0.9
Throwing       | |  0.9
Armour         | |  0.9
Dodging        | |  4.5
Stealth        | |  4.2
Shields        | |  0.9
Unarmed Combat | |  0.9
Conjurations   | |  0.6
Hexes          | |  0.6
Summonings     | |  0.6
Necromancy     | |  7.1
Translocations | |  0.6
Transmutations | |  0.6
Fire Magic     | |  0.6
Ice Magic      | |  0.6
Air Magic      | |  0.6
Earth Magic    | |  0.6
Poison Magic   | |  0.6
Evocations     | |  0.9

Action                   || total
-------------------------++-------
Melee: Dagger            ||    76
       Unarmed           ||     3
       Bite              ||     7
 Cast: Necrotise         ||    26
       Vampiric Draining ||     2
 Stab: Sleeping          ||     6
Armor: Robe              ||    20
Dodge: Dodged            ||    77
